SA
PONTIAC GODFATHERS @ WASHINGTON GENERALS
05/03/2042
 
TOP OF THE 1ST
Pontiac Godfathers batting - Pitching for Washington Generals : RHP Augusto Prats
Pitching: RHP Augusto Prats
Batting: LHB Mike Scott 0-0: Swinging Strike
0-1: Bunted foul
0-2: Ball
1-2: Ball
2-2: Foul Ball, location: 2F
2-2: Foul Ball, location: 2F
2-2: Fly out, F7 (Line Drive, 78S, EV 91.9 MPH)
Batting: RHB Nathan Bram 0-0: Called Strike
0-1: Ball
1-1: Foul Ball, location: 2F
1-2: Ball
2-2: Ball
3-2: Ground out 6-3 (Groundball, 6MS, EV 69.4 MPH)
Batting: LHB Brad Dyer 0-0: Called Strike
0-1: Ball
1-1: Ground out 1-3 (Groundball, 13, EV 73.1 MPH)
Top of the 1st over - 0 runs, 0 hits, 0 errors, 0 left on base; Pontiac 0 - Washington 0
BOTTOM OF THE 1ST
Washington Generals batting - Pitching for Pontiac Godfathers : RHP Laurent Schweitzer
Pitching: RHP Laurent Schweitzer
Batting: LHB Armando García 0-0: Called Strike
0-1: Ball
1-1: SINGLE (Groundball, 6, EV 78.8 MPH) (infield hit)
Batting: RHB Augusto Manito 0-0: Called Strike
0-1: Ball
1-1: Ball
2-1: Foul Ball, location: 2F
2-2: SINGLE (Groundball, 34S, EV 61.9 MPH) (infield hit)
Armando García to second
Batting: RHB Valerio Salviati 0-0: Fly out, F4 (Line Drive, 4, EV 66.9 MPH)
Batting: LHB Gabriel Gonzáles 0-0: Ball
1-0: Ball
2-0: Ball
3-0: Called Strike
3-1: SINGLE (Flyball, 78M, EV 85.6 MPH)
Armando García to third
Augusto Manito to second
Batting: RHB Kuniyoshi Kodo 0-0: Foul Ball, location: 2F
0-1: DOUBLE (Line Drive, 8LD, EV 110.0 MPH)
Armando García scores
Augusto Manito scores
Gabriel Gonzáles to third
Runner from 3rd tries for Home, SAFE, throw by CF to home
Pinch Runner at 2nd Irwin Taylor:
Batting: RHB Asko Huhtamo 0-0: Called Strike
0-1: SINGLE (Groundball, 56, EV 108.1 MPH) (infield hit)
Irwin Taylor to third
Batting: RHB Mo Westoby 0-0: Foul Ball, location: 2F
0-1: Foul Ball, location: 2F
0-2: SINGLE (Line Drive, 89S, EV 102.5 MPH)
Irwin Taylor scores
Asko Huhtamo to second
Batting: RHB Javier García 0-0: Called Strike
0-1: Foul Ball, location: 2F
0-2: Strikes out swinging
Batting: RHB Roberto Suárez 0-0: Ball
1-0: Ball
2-0: Foul Ball, location: 2F
2-1: Foul Ball, location: 2F
2-2: Ball
3-2: Foul Ball, location: 2F
3-2: Fly out, F8 (Flyball, 8RXD, EV 99.4 MPH)
Bottom of the 1st over - 4 runs, 6 hits, 0 errors, 2 left on base; Pontiac 0 - Washington 4
TOP OF THE 2ND
Pontiac Godfathers batting - Pitching for Washington Generals : RHP Augusto Prats
Batting: RHB John Williams 0-0: Swinging Strike
0-1: Ball
1-1: Called Strike
1-2: Foul Ball, location: 2F
1-2: Fly out, F9 (Line Drive, 9D, EV 95.0 MPH)
Batting: RHB Mike O'Halloran 0-0: Swinging Strike
0-1: Ball
1-1: Ball
2-1: Ball
3-1: Foul Ball, location: 2F
3-2: Ground out 1-3 (Groundball, 34S, EV 90.0 MPH)
Batting: LHB Nathaniel Gordon 0-0: Foul Ball, location: 2F
0-1: Ball
1-1: Fly out, F6 (Line Drive, 6, EV 68.1 MPH)
Top of the 2nd over - 0 runs, 0 hits, 0 errors, 0 left on base; Pontiac 0 - Washington 4
BOTTOM OF THE 2ND
Washington Generals batting - Pitching for Pontiac Godfathers : RHP Laurent Schweitzer
Batting: LHB Armando García 0-0: Swinging Strike
0-1: Ball
1-1: Foul Ball, location: 2F
1-2: Foul Ball, location: 2F
1-2: Foul Ball, location: 2F
1-2: Ground out 5-3 (Groundball, 56, EV 88.1 MPH)
Batting: RHB Augusto Manito 0-0: Foul Ball, location: 2F
0-1: DOUBLE (Line Drive, 9LS, EV 92.5 MPH)
Batting: RHB Valerio Salviati 0-0: Ball
1-0: DOUBLE (Flyball, 78XD, EV 100.0 MPH)
Augusto Manito scores
Batting: LHB Gabriel Gonzáles 0-0: Ball
1-0: Ball
2-0: Ball
3-0: Base on Balls
Batting: RHB Irwin Taylor 0-0: Called Strike
0-1: Foul Ball, location: 2F
0-2: Ball
1-2: SINGLE (Line Drive, 78M, EV 98.8 MPH)
Valerio Salviati to third
Gabriel Gonzáles to second
Batting: RHB Asko Huhtamo 0-0: Ball
1-0: Called Strike
1-1: Foul Ball, location: 2F
1-2: DOUBLE (Line Drive, 9LM, EV 109.4 MPH)
Valerio Salviati scores
Gabriel Gonzáles scores
Irwin Taylor to third
Runner from 3rd tries for Home, SAFE, no throw by RF
Pitching: LHP Pat Peterson
Batting: RHB Mo Westoby 0-0: Ball
1-0: Ball
2-0: Fly out, F8 (Flyball, 8RM, EV 89.4 MPH)
Batting: RHB Javier García 0-0: Called Strike
0-1: Ball
1-1: Called Strike
1-2: Strikes out looking
Bottom of the 2nd over - 4 runs, 4 hits, 0 errors, 1 left on base; Pontiac 0 - Washington 8
TOP OF THE 3RD
Pontiac Godfathers batting - Pitching for Washington Generals : RHP Augusto Prats
Batting: RHB Rich Pope 0-0: Called Strike
0-1: Foul Ball, location: 2F
0-2: Ball
1-2: Foul Ball, location: 2F
1-2: Ball
2-2: Foul Ball, location: 2F
2-2: Ball
3-2: Base on Balls
Batting: RHB Bonifacio Marmolejo 0-0: Grounds into double play, 6-4-3 (Groundball, 6S, EV 88.8 MPH)
Batting: LHB David Graham 0-0: Ball
1-0: Ball
2-0: Foul Ball, location: 2F
2-1: Swinging Strike
2-2: Foul Ball, location: 2F
2-2: Ball
3-2: Foul Ball, location: 2F
3-2: Strikes out swinging
Top of the 3rd over - 0 runs, 0 hits, 0 errors, 0 left on base; Pontiac 0 - Washington 8
BOTTOM OF THE 3RD
Washington Generals batting - Pitching for Pontiac Godfathers : LHP Pat Peterson
Batting: RHB Roberto Suárez 0-0: Ball
1-0: Foul Ball, location: 2F
1-1: Foul Ball, location: 2F
1-2: Ball
2-2: Fly out, F2 (Popup, 25F, EV 82.5 MPH)
Batting: LHB Armando García 0-0: Called Strike
0-1: Ball
1-1: Ball
2-1: Foul Ball, location: 2F
2-2: Ball
3-2: Fly out, F8 (Flyball, 8RS, EV 80.6 MPH)
Batting: RHB Augusto Manito 0-0: Ball
1-0: Called Strike
1-1: Swinging Strike
1-2: Strikes out swinging
Bottom of the 3rd over - 0 runs, 0 hits, 0 errors, 0 left on base; Pontiac 0 - Washington 8
TOP OF THE 4TH
Pontiac Godfathers batting - Pitching for Washington Generals : RHP Augusto Prats
Batting: LHB Mike Scott 0-0: Ball
1-0: Called Strike
1-1: Ground out 6-3 (Groundball, 6, EV 84.4 MPH)
Batting: RHB Nathan Bram 0-0: Foul Ball, location: 2F
0-1: Reached on error, E3 (Line Drive, 3, EV 63.1 MPH)
Batting: LHB Brad Dyer 0-0: Ball
1-0: Ball
2-0: Foul Ball, location: 2F
2-1: Ball
3-1: Base on Balls
Nathan Bram to second
Batting: RHB John Williams 0-0: Foul Ball, location: 2F
0-1: Ball
1-1: Foul Ball, location: 2F
1-2: Strikes out looking
Batting: RHB Mike O'Halloran 0-0: Called Strike
0-1: Called Strike
0-2: SINGLE (Line Drive, 4M, EV 100.6 MPH)
Nathan Bram to third
Brad Dyer to second
Runner from 3rd tries for Home, SAFE, no throw by CF
Batting: LHB Nathaniel Gordon 0-0: Ball
1-0: Ball
2-0: Swinging Strike
2-1: Ball
3-1: Base on Balls
Brad Dyer to third
Mike O'Halloran to second
Batting: RHB Rich Pope 0-0: Ball
1-0: Ball
2-0: Called Strike
2-1: Foul Ball, location: 2F
2-2: Strikes out swinging
Top of the 4th over - 1 run, 1 hit, 1 error, 3 left on base; Pontiac 1 - Washington 8
BOTTOM OF THE 4TH
Washington Generals batting - Pitching for Pontiac Godfathers : LHP Pat Peterson
Batting: RHB Valerio Salviati 0-0: Ball
1-0: SINGLE (Line Drive, 34D, EV 106.9 MPH)
Batting: LHB Gabriel Gonzáles 0-0: Ball
1-0: Ball
2-0: Called Strike
2-1: Ball
3-1: SINGLE (Line Drive, 8RS, EV 110.0 MPH)
Valerio Salviati to second
Batting: RHB Irwin Taylor 0-0: Foul Ball, location: 2F
0-1: Ball
1-1: Swinging Strike
1-2: Strikes out swinging
Batting: RHB Asko Huhtamo 0-0: SINGLE (Groundball, 34D, EV 100.0 MPH)
Valerio Salviati to third
Gabriel Gonzáles to second
Batting: RHB Mo Westoby 0-0: Ball
1-0: Ball
2-0: Foul Ball, location: 2F
2-1: Foul Ball, location: 2F
2-2: Ball
3-2: Foul Ball, location: 2F
3-2: Strikes out looking
Batting: RHB Javier García 0-0: Foul Ball, location: 2F
0-1: Reached on error, E5 (Groundball, 56, EV 80.0 MPH)
Valerio Salviati scores
Gabriel Gonzáles to third
Asko Huhtamo to second
Batting: RHB Roberto Suárez 0-0: Swinging Strike
0-1: Ball
1-1: Ball
2-1: Fly out, F9 (Flyball, 89M, EV 89.4 MPH)
Bottom of the 4th over - 1 run, 3 hits, 1 error, 3 left on base; Pontiac 1 - Washington 9
TOP OF THE 5TH
Pontiac Godfathers batting - Pitching for Washington Generals : RHP Augusto Prats
Batting: RHB Bonifacio Marmolejo 0-0: Ground out 5-3 (Groundball, 5, EV 89.4 MPH)
Batting: LHB David Graham 0-0: Ball
1-0: Foul Ball, location: 2F
1-1: SINGLE (Groundball, 4MD, EV 110.6 MPH)
Batting: LHB Mike Scott 0-0: Called Strike
0-1: Foul Ball, location: 2F
0-2: Ball
Wild Pitch!
David Graham to second
1-2: Strikes out looking
Batting: RHB Nathan Bram 0-0: Ball
1-0: Swinging Strike
1-1: Swinging Strike
1-2: Strikes out swinging
Top of the 5th over - 0 runs, 1 hit, 0 errors, 1 left on base; Pontiac 1 - Washington 9
BOTTOM OF THE 5TH
Washington Generals batting - Pitching for Pontiac Godfathers : LHP Pat Peterson
Batting: LHB Armando García 0-0: Ball
1-0: Ball
2-0: Ball
3-0: Base on Balls
Batting: RHB Augusto Manito 0-0: Called Strike
0-1: Ball
1-1: Fielders Choice at 2nd, 5-4 (Groundball, 5L, EV 100.6 MPH)
Batting: RHB Valerio Salviati 0-0: Foul Ball, location: 2F
0-1: DOUBLE (Line Drive, 89D, EV 106.9 MPH)
Augusto Manito to third
Batting: LHB Gabriel Gonzáles 0-0: Foul Ball, location: 2F
0-1: Ball
1-1: Ball
2-1: Foul Ball, location: 2F
2-2: Ball
3-2: Foul Ball, location: 2F
3-2: Foul Ball, location: 2F
3-2: Ground out 5-3 (Groundball, 56, EV 96.2 MPH)
Augusto Manito scores
Batting: RHB Irwin Taylor 0-0: Ball
1-0: Foul Ball, location: 2F
1-1: 2-RUN HOME RUN (Flyball, 7LD, EV 88.8 MPH), Distance : 348 ft
Batting: RHB Asko Huhtamo 0-0: Called Strike
0-1: Ball
1-1: Foul Ball, location: 2F
1-2: Ground out 4-3 (Groundball, 4, EV 105.6 MPH)
Bottom of the 5th over - 3 runs, 2 hits, 0 errors, 0 left on base; Pontiac 1 - Washington 12
TOP OF THE 6TH
Pontiac Godfathers batting - Pitching for Washington Generals : RHP Augusto Prats
Batting: LHB Brad Dyer 0-0: Called Strike
0-1: Ball
1-1: Foul Ball, location: 2F
1-2: Ball
2-2: Strikes out swinging
Pitching: LHP Pie-qi Gao
Batting: RHB John Williams 0-0: Fly out, F8 (Flyball, 8LS, EV 95.6 MPH)
Batting: RHB Mike O'Halloran 0-0: Ball
1-0: Ball
2-0: Called Strike
2-1: Ball
3-1: Base on Balls
Batting: LHB Nathaniel Gordon 0-0: Ball
1-0: Foul Ball, location: 2F
1-1: Foul Ball, location: 2F
1-2: Foul Ball, location: 2F
1-2: Ball
2-2: Strikes out looking
Top of the 6th over - 0 runs, 0 hits, 0 errors, 1 left on base; Pontiac 1 - Washington 12
BOTTOM OF THE 6TH
Washington Generals batting - Pitching for Pontiac Godfathers : LHP Pat Peterson
Batting: RHB Mo Westoby 0-0: Ball
1-0: Foul Ball, location: 2F
1-1: Ground out 4-3 (Groundball, 4, EV 102.5 MPH)
Batting: RHB Javier García 0-0: Ball
1-0: Ball
2-0: Fly out, F7 (Flyball, 7S, EV 80.6 MPH)
Batting: RHB Roberto Suárez 0-0: Ball
1-0: Foul Ball, location: 2F
1-1: Foul Ball, location: 2F
1-2: Ball
2-2: SINGLE (Groundball, 56, EV 78.1 MPH) (infield hit)
Batting: LHB Armando García 0-0: SINGLE (Line Drive, 8RS, EV 103.8 MPH)
Roberto Suárez to second
Pitching: LHP Les Wright
Batting: RHB Augusto Manito 0-0: Ball
1-0: Called Strike
1-1: Swinging Strike
1-2: Ball
2-2: Strikes out swinging
Bottom of the 6th over - 0 runs, 2 hits, 0 errors, 2 left on base; Pontiac 1 - Washington 12
TOP OF THE 7TH
Pontiac Godfathers batting - Pitching for Washington Generals : LHP Pie-qi Gao
Batting: RHB Rich Pope 0-0: Reached via error on a dropped throw from 2B, E3 (Groundball, 4M, EV 88.1 MPH)
Batting: RHB Bonifacio Marmolejo 0-0: Ball
1-0: Swinging Strike
1-1: Ball
2-1: Grounds into double play, 1-4-3 (Groundball, P, EV 81.2 MPH)
Batting: LHB David Graham 0-0: Ball
1-0: Reached on error, E4 (Groundball, 4, EV 82.5 MPH)
Batting: LHB Mike Scott 0-0: Called Strike
0-1: Ball
1-1: Ball
2-1: Ball
3-1: Foul Ball, location: 2F
3-2: Foul Ball, location: 2F
3-2: Strikes out swinging
Top of the 7th over - 0 runs, 0 hits, 2 errors, 1 left on base; Pontiac 1 - Washington 12
BOTTOM OF THE 7TH
Washington Generals batting - Pitching for Pontiac Godfathers : LHP Les Wright
Pinch Hitting: RHB Xavier Hutchesson 0-0: Called Strike
0-1: SINGLE (Groundball, 56D, EV 94.4 MPH)
Pinch Hitting: RHB Joe Gilmore 0-0: Called Strike
0-1: SINGLE (Line Drive, 4MD, EV 102.5 MPH)
Xavier Hutchesson to second
Batting: RHB Irwin Taylor 0-0: Called Strike
0-1: 3-RUN HOME RUN (Flyball, 8RXD, EV 91.2 MPH), Distance : 448 ft
Pinch Hitting: RHB Jason Oglethorpe 0-0: Swinging Strike
0-1: Ground out 5-3 (Groundball, 56S, EV 88.8 MPH)
Batting: RHB Mo Westoby 0-0: Ball
1-0: Ball
2-0: Foul Ball, location: 2F
2-1: Ball
3-1: Foul Ball, location: 2F
3-2: SINGLE (Flyball, 9S, EV 92.5 MPH)
Batting: RHB Javier García 0-0: Ball
1-0: Called Strike
1-1: Ball
2-1: Swinging Strike
2-2: SINGLE (Flyball, 9S, EV 93.8 MPH)
Mo Westoby to second
Batting: RHB Roberto Suárez 0-0: Called Strike
0-1: Ball
1-1: Fly out, F9 (Flyball, 9LM, EV 96.9 MPH)
Runner from 2nd tags up, SAFE at 3rd, no throw by RF
Pinch Hitting: LHB Xu-gang Shuang 0-0: Called Strike
0-1: Foul Ball, location: 2F
0-2: Ball
1-2: Foul Ball, location: 2F
1-2: Strikes out swinging
Bottom of the 7th over - 3 runs, 5 hits, 0 errors, 2 left on base; Pontiac 1 - Washington 15
TOP OF THE 8TH
Pontiac Godfathers batting - Pitching for Washington Generals : LHP Pie-qi Gao
Now at 1B: Jason Oglethorpe
Now in LF: Joe Gilmore
Now in CF: Xavier Hutchesson
Now in RF: Gadiel Fida
Batting: RHB Nathan Bram 0-0: Called Strike
0-1: Ball
1-1: Foul Ball, location: 2F
1-2: Ball
2-2: Fly out, F9 (Flyball, 9, EV 82.5 MPH)
Batting: LHB Brad Dyer 0-0: Ball
1-0: Foul Ball, location: 2F
1-1: Swinging Strike
1-2: Strikes out swinging
Batting: RHB John Williams 0-0: Ball
1-0: Ball
2-0: Ball
3-0: Called Strike
3-1: Base on Balls
Batting: RHB Mike O'Halloran 0-0: Ball
1-0: Ball
2-0: 2-RUN HOME RUN (Flyball, 7D, EV 101.9 MPH), Distance : 392 ft
Batting: LHB Nathaniel Gordon 0-0: Called Strike
0-1: Ball
1-1: Ground out 6-3 (Groundball, 6, EV 88.8 MPH)
Top of the 8th over - 2 runs, 1 hit, 0 errors, 0 left on base; Pontiac 3 - Washington 15
BOTTOM OF THE 8TH
Washington Generals batting - Pitching for Pontiac Godfathers : LHP Les Wright
Batting: RHB Augusto Manito 0-0: Ball
1-0: Ball
2-0: SINGLE (Line Drive, 7S, EV 87.5 MPH)
Batting: RHB Xavier Hutchesson 0-0: Ball
1-0: Called Strike
1-1: Swinging Strike
1-2: Strikes out swinging
Batting: RHB Joe Gilmore 0-0: Swinging Strike
0-1: Ball
1-1: Foul Ball, location: 2F
1-2: Strikes out looking
Batting: RHB Irwin Taylor 0-0: Ball
1-0: Ball
2-0: Called Strike
2-1: Ball
3-1: Called Strike
3-2: Foul Ball, location: 2F
3-2: Foul Ball, location: 2F
3-2: Base on Balls
Augusto Manito to second
Pinch Hitting: RHB Sun-dong Yang 0-0: Called Strike
0-1: Called Strike
0-2: Foul Ball, location: 2F
0-2: Ball
1-2: Ball
2-2: Ball
Wild Pitch!
Augusto Manito to third
Irwin Taylor to second
3-2: Strikes out swinging
Bottom of the 8th over - 0 runs, 1 hit, 0 errors, 2 left on base; Pontiac 3 - Washington 15
TOP OF THE 9TH
Pontiac Godfathers batting - Pitching for Washington Generals : LHP Pie-qi Gao
Now at 1B: Sun-dong Yang
Batting: RHB Rich Pope 0-0: Called Strike
0-1: Reached on error, E7 (Flyball, 7D, EV 98.1 MPH)
Batting: RHB Bonifacio Marmolejo 0-0: Swinging Strike
0-1: Foul Ball, location: 2F
0-2: Foul Ball, location: 2F
0-2: Strikes out looking
Batting: LHB David Graham 0-0: Ball
1-0: Ground out U3 (Groundball, 34, EV 78.1 MPH)
Rich Pope to third
Batting: LHB Mike Scott 0-0: Called Strike
0-1: Swinging Strike
0-2: Ball
1-2: Strikes out swinging
Top of the 9th over - 0 runs, 0 hits, 1 error, 1 left on base; Pontiac 3 - Washington 15
Friday, March 26th, 2021 - OOTP Baseball 20.8 Build 74